 Dungeon Crawl Stone Soup version 0.27-a0-498-g7ecbb0a48f (webtiles) character file.

Game seed: 5897661107756414118

126 siradein the Chucker (level 4, -1/41 HPs)
             Began as a Troll Brigand on Mar 2, 2021.
             Slain by Pikel
             ... wielding a +1 whip of electrocution
              (5 damage)
             ... on level 3 of the Dungeon.
             The game lasted 00:06:41 (2645 turns).

siradein the Chucker (Troll Brigand)                Turns: 2645, Time: 00:06:41

Health: -1/41      AC:  5    Str: 19    XL:     4   Next: 83%
Magic:  3/3        EV:  9    Int:  7    God:
Gold:   205        SH:  0    Dex: 12    Spells: 3/3 levels left

rFire    . . .     SeeInvis .     - Unarmed
rCold    . . .     Faith    .   (no shield)
rNeg     . . .     Spirit   .   b - +0 robe
rPois    .         Reflect  .   (helmet restricted)
rElec    .         Harm     .   c - +0 cloak
rCorr    .         Rampage  .   (gloves unavailable)
Will     .....                  (boots unavailable)
Stlth    ++........             (no amulet)
HPRegen  1.13/turn              (no ring)
MPRegen  0.08/turn              (no ring)

@: no status effects
A: large, unfitting armour, claws 3, regeneration 1, shaggy fur 1, tough skin 1
a: no special abilities


You were on level 3 of the Dungeon.
You visited 1 branch of the dungeon, and saw 4 of its levels.

You collected 205 gold pieces.

Inventory:

Missiles
 a - 107 stones
 d - 33 poisoned darts (quivered)
 e - 2 curare-tipped darts
 p - a throwing net
Armour
 b - a +0 robe (worn)
 c - a +0 cloak (worn)
Jewellery
 g - a ring of ice
 k - a ring of positive energy
 q - a ring of flight
 w - a ring of magical power
Scrolls
 h - a scroll of teleportation
 i - 2 scrolls of magic mapping
 l - a scroll of random uselessness {unknown}
 s - 2 scrolls of enchant armour {unknown}
 t - 2 scrolls of fear {unknown}
 u - a scroll of noise {unknown}
Potions
 f - 2 potions of curing
 j - a potion of brilliance
 m - a potion of magic {unknown}
 n - a potion of ambrosia {unknown}
 o - a potion of resistance {unknown}
 r - a potion of haste {unknown}
 v - a potion of mutation {unknown}


   Skills:
 - Level 1.5 Fighting
 + Level 2.7 Short Blades
 + Level 3.0 Throwing
 - Level 0.7 Dodging
 - Level 2.1 Stealth
 + Level 2.3 Unarmed Combat


You had 3 spell levels left.
You didn't know any spells.
Your spell library was empty.

Dungeon Overview and Level Annotations

Branches:
Dungeon (4/15)
 Temple: D:4-7

Altars:

Annotations:
D:3 Pikel


Innate Abilities, Weirdness & Mutations

You are too large for most types of armour.
You have claws for hands.
Your natural rate of healing is unusually fast.
You are covered in fur. (AC +1)
You have tough skin. (AC +1)


Message History

You enter the shallow water.
Moving in this stuff is going to be slow.
The lemure hits you!
Pikel splashes around in the water.
The lemure splashes around in the water.
Pikel splashes around in the water.
You scratch the lemure.
The lemure is lightly wounded.
You miss the lemure.
The lemure is lightly wounded.
The lemure closely misses you.
Pikel hits you with a +1 whip of electrocution.
You claw the lemure!
The lemure is heavily wounded.
The lemure barely misses you.
Pikel hits you with a +1 whip of electrocution.
You scratch the lemure.
The lemure is lightly wounded.
The lemure hits you.
You scratch the lemure.
The lemure is lightly wounded.
You scratch the lemure.
The lemure is severely wounded.
You claw Pikel!
Pikel is lightly wounded.
The lemure barely misses you.
Pikel splashes around in the water.
You closely miss Pikel.
Pikel is lightly wounded.
The lemure hits you!
Pikel hits you with a +1 whip of electrocution.
You closely miss Pikel.
Pikel is lightly wounded.
The lemure closely misses you.
Pikel hits you with a +1 whip of electrocution!
* * * LOW HITPOINT WARNING * * *
You barely miss Pikel.
Pikel is lightly wounded.
The lemure hits you!
* * * LOW HITPOINT WARNING * * *
Pikel hits you with a +1 whip of electrocution.
You die...

#.#####.################# #..
#.....#..########≈≈≈....####.
#<....#.....≈≈≈≈≈≈##.........
####......≈≈≈≈..≈.#.....####.
####..≈≈≈#####.......# #.
#..#≈...##...###### #.
######....##.##.### ##
#......##.5#..#.# #
#.##≈≈≈...5@....## ## #
#.#.....≈.K≈.≈≈..#≈≈# ##
##......).≈≈..≈.≈##≈########.
###≈≈≈≈≈≈≈≈≈≈≈≈≈≈≈≈≈≈≈#...#....
#≈≈≈≈≈≈≈≈≈≈≈≈≈≈≈≈≈≈≈≈####......
####≈≈.≈.≈.≈.....≈.### ##....#
##.........≈..#.# #....#
#........####..# #....#
#.............## ##...#


You could see Pikel and 2 lemures.

Vanquished Creatures
  2 lemures (D:3)
  6 adders
  An ooze (D:1)
  A worm (D:2)
  2 dart slugs (D:1)
  A leopard gecko (D:2)
  8 orcs (D:3)
  A ball python (D:2)
  A giant cockroach (D:2)
  8 goblins
  4 hobgoblins
  6 kobolds
  2 quokkas (D:2)
  4 bats
  5 frilled lizards
  4 rats
56 creatures vanquished.

Notes
Turn   | Place    | Note
-------+----------+-------------------------------------------
     0 | D:1      | siradein the Troll Brigand began the quest for the Orb.
     0 | D:1      | Reached XP level 1. HP: 19/19 MP: 0/0
    77 | D:1      | Reached skill level 2 in Throwing
   125 | D:1      | Reached XP level 2. HP: 27/27 MP: 1/1
   262 | D:1      | Reached skill level 1 in Unarmed Combat
   992 | D:2      | Reached XP level 3. HP: 26/33 MP: 2/2
  1589 | D:2      | Found a faded altar of an unknown god.
  1602 | D:2      | Reached XP level 4. HP: 41/41 MP: 3/3
  2265 | D:3      | Reached skill level 3 in Throwing
  2559 | D:4      | Noticed a lemure
  2560 | D:4      | Noticed Pikel
  2560 | D:4      | Noticed a lemure
  2560 | D:4      | Noticed a lemure
  2562 | D:4      | Noticed a lemure
  2576 | D:3      | Killed a lemure
  2591 | D:3      | Killed a lemure
  2645 | D:3      | Slain by Pikel

Illustrated notes

Levels and vault maps discovered:
D:1:      matt_arrival_refuge, layout_loops_corners, hangedman_decor_points,
          minmay_misc_feat_five
D:2:      layout_basic, chequers_ecumenical_altar_simple_redux,
          minmay_tetromino_o4
D:3:      layout_rooms, serial_rivers, chequers_serial_rivers_small_3,
          chequers_serial_rivers_micro_e, chequers_serial_rivers_small_3,
          chequers_serial_rivers_small_a, due_unseen_surprise
D:4:      layout_basic, kennysheep_mini_moat, gammafunk_temple_overflow_claw,
          uniq_pikel

Skill      XL: |  1  2  3  4 |
---------------+-------------+-----
Throwing       | 2 3 |  3.0
Unarmed Combat | 1 2 |  2.3
Short Blades   | 2 |  2.7
Fighting       | |  1.5
Dodging        | |  0.7
Stealth        | |  2.1

Action                   |  1- 3 |  4- 6 || total
-------------------------+-------+-------++-------
Melee: Unarmed           |    95 |   112 ||   207
       Punch             |       |     1 ||     1
  Use: Scroll            |       |     4 ||     4
 Stab: Sleeping          |     6 |     3 ||     9
Armor: Robe              |    44 |    37 ||    81
Dodge: Dodged            |    52 |    63 ||   115

Table legend: (Time is in decaauts)
 A = Elapsed time spent in this place.
 B = Non-inter-level travel time spent in this place.
 C = Inter-level travel time spent in this place.
 D = Time resting spent in this place.
 E = Time spent auto-exploring this place.
 F = Levels seen in this place.
 G = Mean time per level.
                   A        B        C        D        E       F      G
               +--------+--------+--------+--------+--------+-----+--------+
         Total |   2652 |   2626 |     26 |     27 |   2013 |   4 |  663.0 |
       Dungeon |   2652 |   2626 |     26 |     27 |   2013 |   4 |  663.0 |
               +--------+--------+--------+--------+--------+-----+--------+

Top non-repeatable levels by time:
     D:2: 1062 daAuts
     D:1: 915 daAuts
     D:3: 661 daAuts
     D:4: 13 daAuts
